 Dungeon Crawl Stone Soup version 0.24-a0-441-g27f0392e16 (webtiles) character file.

Game seed: 4776341936118831106

57 navillus the Skirmisher (level 4, -1/40 HPs)
             Began as a Hill Orc Fighter on June 20, 2019.
             Slain by a gnoll
             ... wielding a +0 halberd
              (5 damage)
             ... on level 2 of the Dungeon.
             The game lasted 00:15:17 (1406 turns).

navillus the Skirmisher (Hill Orc Fighter)          Turns: 1406, Time: 00:15:18

Health: -1/40      AC:  9    Str: 16 (19) XL:     4   Next: 0%
Magic:  4/4        EV:  7    Int:  8      God:
Gold:   113        SH:  8    Dex:  9 (10) Spells: 3/3 levels left

rFire    + . .     SeeInvis .   a - +0 war axe
rCold    . . .     Gourm    .   c - +0 shield
rNeg     . . .     Faith    .   b - +1 scale mail
rPois    .         Spirit   .   (no helmet)
rElec    .         Reflect  .   (no cloak)
rCorr    .         Harm     .   o - +0 pair of gloves
MR       .....                  (no boots)
Stlth    ..........             (no amulet)
HPRegen  0.13/turn              k - ring of protection from fire
MPRegen  0.09/turn              (no ring)

@: no status effects
A: no striking features
a: no special abilities


You were on level 2 of the Dungeon.
You were not hungry.

You visited 1 branch of the dungeon, and saw 2 of its levels.

You collected 113 gold pieces.

Inventory:

Hand Weapons
 a - a +0 war axe (weapon)
Missiles
 e - 147 stones (quivered)
Armour
 b - a +1 scale mail (worn)
 c - a +0 shield (worn)
 i - a +0 robe
 o - a +0 pair of gloves (worn)
Jewellery
 k - a ring of protection from fire (left hand)
 n - a cursed ring of teleportation {unknown}
Scrolls
 g - 2 scrolls of identify {unknown}
 h - a scroll of fear {unknown}
 j - a scroll of amnesia
 m - a scroll of teleportation
Potions
 d - a potion of might
 l - a potion of berserk rage {unknown}
Comestibles
 f - 2 rations


   Skills:
 + Level 4.1 Fighting
 * Level 4.0 Axes
 + Level 3.7 Armour
 + Level 3.7 Shields


You had 3 spell levels left.
You didn't know any spells.
Your spell library was empty.

Dungeon Overview and Level Annotations

Branches:
Dungeon (2/15)

Altars:


Message History

The gnoll hits you but does no damage.
You slash the gnoll!
You kill the gnoll!
Your Axes skill increases to level 4!
You have reached level 4!
You block the gnoll's attack. The gnoll barely misses you.
The gnoll closely misses you.
The gnoll throws a throwing net.
The throwing net hits you.
You become entangled in the net!
You see here a throwing net.
You tear a large gash into the net.
You struggle against the net.
The gnoll hits you with a +0 club.
* * * LOW HITPOINT WARNING * * *
You rip the net and break free!
The gnoll barely misses you. The gnoll closely misses you.
You slash the gnoll!
The gnoll is severely wounded.
The gnoll hits you but does no damage.
The gnoll hits you from afar with a +0 halberd.
You die... #.#.####<#.#.#... ..... . #......)÷........ ...... ###......#.#.#.. ##...... ######.#.#.#.. .w.....[ #.......#.#.# #rg

.... #....)..#.#.# #)#
#..
#.......#.#.####.#####.##
#.......#.r..w...#.......
#.(.....@gg.######.###..#
#..............# #......†
####......####.# #..###.#
#####......# #.# #..# #..
#..........####'###..#
##†
#......####.......#..# #†
#......# #.......#..#####
#......# #.......#.......
#......# #..[....#.#####.


You could see a worm, 2 gnolls and a rat.

Vanquished Creatures
  2 gnolls (D:2)
  2 worms (D:2)
  2 dart slugs
  A leopard gecko (D:1)
  A ball python (D:1)
  A giant cockroach (D:2)
  A goblin (D:2)
  3 jackals (D:2)
  3 kobolds
  2 quokkas (D:2)
  5 bats
  2 frilled lizards
  5 rats
30 creatures vanquished.

Notes
Turn   | Place    | Note
-------+----------+-------------------------------------------
     0 | D:1      | navillus the Hill Orc Fighter began the quest for the Orb.
     0 | D:1      | Reached XP level 1. HP: 19/19 MP: 1/1
   255 | D:1      | Reached XP level 2. HP: 22/27 MP: 2/2
  1081 | D:2      | Reached XP level 3. HP: 30/33 MP: 3/3
  1394 | D:2      | Reached XP level 4. HP: 3/40 MP: 4/4
  1406 | D:2      | Slain by a gnoll

Levels and vault maps discovered:
D:1:      nicolae_arrival_memento_mori, layout_loops_ring,
          serial_park_tiny_pond, feat_on_display
D:2:      layout_basic

Skill      XL: |  1  2  3 |
---------------+----------+-----
Axes           | 3 4 |  4.0
Fighting       | 4 |  4.1
Armour         | |  3.7
Shields        | |  3.7

Action                   |  1- 3 |  4- 6 || total
-------------------------+-------+-------++-------
Melee: War axe           |   110 |     1 ||   111
  Use: Scroll            |     3 |       ||     3
       Potion            |     3 |       ||     3
  Eat: Ration            |     1 |       ||     1
Armor: Scale mail        |    81 |     1 ||    82
Dodge: Dodged            |    49 |     4 ||    53
Block: Shield            |    63 |     1 ||    64

Table legend:
 A = Non-vault XP
 B = Vault XP
 C = Vault XP percentage of total XP
 D = Non-vault monster count
 E = Vault monster count
 F = Vault count percentage of total count
                 A         B        C        D         E       F
            +---------+---------+-------+---------+---------+-------
      Total |      82 |       0 |   0.0 |      30 |       0 |   0.0
            +---------+---------+-------+---------+---------+-------
        D:1 |      14 |       0 |   0.0 |       7 |       0 |   0.0
        D:2 |      68 |       0 |   0.0 |      23 |       0 |   0.0
            +---------+---------+-------+---------+---------+-------
